 Dungeon Crawl Stone Soup version bcrawl-1.21.3 (webtiles) character file.

Game seed: 17313353643121030506

74 Flugslaktarn the Sneak (level 4, -1/28 HPs)
             Began as a Skeleton Archaeologist on Mar 30, 2020.
             Slain by a goblin
             ... wielding a +0 club
             ... led by Robin
              (2 damage)
             ... on level 2 of the Dungeon.
             The game lasted 00:00:42 (1238 turns).

Flugslaktarn the Sneak (Skeleton Archaeologist)     Turns: 1238, Time: 00:00:42

Health: -1/28      AC:  6    Str: 18      XL:     4   Next: 9%
Magic:  0/4        EV: 10    Int: 12 (13) God:
Gold:   6          SH:  7    Dex:  7      Spells: 3/3 levels left

rFire    . . .     SeeInvis .   j - +0 dagger (venom)
rCold    + . .     Gourm    .   g - +0 medium shield
rNeg     + + +     Faith    .   b - +1 robe
rPois    ∞         Spirit   +   c - +1 hat
rElec    .         Reflect  .   (no cloak)
rCorr    .         Harm     .   (no gloves)
MR       .....                  d - +1 pair of boots
Stlth    ++........             (no amulet)
HPRegen  0.09/turn              (no ring)
MPRegen  0.09/turn              (no ring)

@: no status effects
A: no food or potions, cold resistance 1, deterioration 1, negative energy
resistance 3, torment resistance, unbreathing, magic shield, sturdy frame 1,
spell healing
a: no special abilities


You were on level 2 of the Dungeon.
You were not hungry.

You visited 1 branch of the dungeon, and saw 2 of its levels.

You collected 6 gold pieces.

Inventory:

Hand Weapons
 a - a +0 whip
 j - a +0 dagger of venom (weapon)
   (You took it off a kobold on level 1 of the Dungeon)
Armour
 b - a +1 robe (worn)
 c - a +1 hat (worn)
 d - a +1 pair of boots (worn)
 g - a +0 medium shield (worn)
   (You found it on level 1 of the Dungeon)
Scrolls
 e - 2 scrolls of magic mapping
 h - a scroll of fog {unknown}
 i - a scroll of enchant armour {unknown}
 k - a scroll of identify {unknown}
Miscellaneous
 f - a dusty tome


   Skills:
 * Level 3.2 Fighting
 - Level 1.2 Maces & Flails
 + Level 1.4 Armour
 - Level 3.0 Dodging
 - Level 3.6 Stealth
 + Level 1.6 Shields


You had 3 spell levels left.
You didn't know any spells.
Your spell library was empty.

Dungeon Overview and Level Annotations

Branches:
Dungeon (2/12)

Altars:

Annotations:
D:2 Robin


Innate Abilities, Weirdness & Mutations

You do not eat or drink.
You are immune to poison.
Your flesh is cold resistant. (rC+)
Your body sometimes deteriorates upon taking damage.
You are immune to negative energy. (rN+++)
You are immune to unholy pain and torment.
You can survive without breathing.
When hurt, damage is shared between your health and your magic reserves.
Your movements are slightly less encumbered by armour. (ER -2)
Casting spells heals you.


Message History

The hobgoblin closely misses you. You block the goblin's attack.
The goblin hits you but does no damage. The goblin hits you with a +0 club.
* * * LOW HITPOINT WARNING * * *
Robin throws the goblin at you! The goblin barely misses you.
You miss the goblin. The hobgoblin hits you.
* * * LOW HITPOINT WARNING * * *
The goblin hits you but does no damage. The goblin hits you with a +0 dagger.
* * * LOW HITPOINT WARNING * * *
The goblin closely misses you.
Robin says, "My army is invincible!"
You block the goblin's attack. The goblin barely misses you.
The hobgoblin hits you.
Unknown command.
Okay, then.
You hit the goblin.
The goblin is moderately wounded.
The goblin hits you but does no damage. The goblin misses you.
You block the goblin's attack. The goblin closely misses you.
The goblin hits you with a +0 club.
You die...

##.. ##### .# #... #....
#.. #.. #.### ##.## #..
#.# # ##.... #.# #.# #
#.....# #.# #.# #
.....wg## ###.### #.#
.....ggg###.....####.###
......g@g...###..)......
......gg###.# #..#######
<......## #.###..#
#.....# #......# ##...#
######)# ##+# #.# #.#
#.# #.#


You could see a worm, Robin, a hobgoblin and 6 goblins.

Vanquished Creatures
  Jessica (D:2)
  An adder (D:2)
  A worm (D:1)
  A leopard gecko (D:1)
  2 giant cockroaches (D:1)
  5 goblins
  3 hobgoblins (D:1)
  6 kobolds
  2 quokkas (D:2)
  A ball python (D:1)
  6 bats
  2 frilled lizards (D:1)
  3 rats
34 creatures vanquished.

Notes
Turn   | Place    | Note
-------+----------+-------------------------------------------
     0 | D:1      | Flugslaktarn the Skeleton Archaeologist began the quest for
                  | the Orb.
     0 | D:1      | Reached XP level 1. HP: 12/12 MP: 1/1
   352 | D:1      | Reached XP level 2. HP: 12/17 MP: 2/2
   883 | D:1      | Reached skill level 1 in Shields
   894 | D:1      | Reached XP level 3. HP: 22/22 MP: 3/3
  1143 | D:2      | Noticed Jessica
  1147 | D:2      | Killed Jessica
  1147 | D:2      | Reached skill level 1 in Armour
  1156 | D:2      | Reached XP level 4. HP: 23/28 MP: 4/4
  1226 | D:2      | Noticed Robin
  1237 | D:2      | HP: 1/28 [goblin/+0 dagger[Robin] (1)]
  1238 | D:2      | Slain by a goblin

Skill      XL: |  1  2  3 |
---------------+----------+-----
Fighting       | 2 3 |  3.2
Shields        | 1 |  1.6
Armour         | 1 |  1.4
Maces & Flails | |  1.2
Dodging        | |  3.0
Stealth        | |  3.6

Action                   |  1- 3 |  4- 6 || total
-------------------------+-------+-------++-------
Melee: Whip              |    80 |       ||    80
       Dagger            |    33 |    12 ||    45
 Stab: Sleeping          |     5 |       ||     5
Armor: Robe              |    48 |     9 ||    57
Dodge: Dodged            |    69 |    21 ||    90
Block: Medium shield     |    30 |    18 ||    48
